 Dungeon Crawl Stone Soup version 0.30-a0-972-gf3ab3527aa (webtiles) character file.

Game seed: 12596937394022223164

1491 BlueFish the Sneak (level 8, -2/52 HPs)
             Began as an Octopode Transmuter on Mar 31, 2023.
             Slain by Edmund
             ... wielding a +0 dire flail of venom
              (16 damage)
             ... on level 6 of the Dungeon.
             The game lasted 00:11:38 (5629 turns).

BlueFish the Sneak (Octopode Transmuter)            Turns: 5629, Time: 00:11:39

Health: -2/52      AC:  2    Str: 11    XL:     8   Next: 80%
Magic:  11/13      EV: 26    Int: 16    God:
Gold:   347        SH:  0    Dex: 17    Spells: 3/13 levels left

rFire   . . .      SeeInvis .      - Unarmed
rCold   . . .      Faith    .    (shield currently unavailable)
rNeg    . . .      Spirit   .    i - melded +1 hat
rPois   x          Reflect  .    B - amulet of regeneration
rElec   .          Rampage  .    w - +5 ring of evasion
rCorr   .                        E - ring of wizardry
Will    .....                    (no ring)
Stlth   +++                      (no ring)
HPRegen 1.08/turn                (no ring)
MPRegen 0.13/turn                (no ring)
                                 (no ring)
                                 (no ring)

@: spider-form
A: venomous fangs, almost no armour, (amphibious), 8 rings, tiny, (camouflage
1), (gelatinous body 1), (nimble swimmer 1), (tentacles)
a: End Transformation


You were on level 6 of the Dungeon.
You were a venomous arachnid creature.
You visited 1 branch of the dungeon, and saw 6 of its levels.

You collected 347 gold pieces.

Inventory:

Missiles
 f - 58 stones (quivered)
 m - a throwing net
 p - 4 poisoned darts
 y - 6 javelins
 D - 3 boomerangs of dispersal
Armour
 i - a +1 hat (melded)
Jewellery
 w - a +5 ring of evasion (left front pincers)
 B - an amulet of regeneration (around neck)
 C - an amulet of faith
 E - a ring of wizardry (right front pincers)
Wands
 z - a wand of iceblast (8)
Scrolls
 b - 2 scrolls of enchant armour {unknown}
 c - 2 scrolls of vulnerability {unknown}
 e - 3 scrolls of teleportation {unknown}
 h - 3 scrolls of poison {unknown}
 j - 2 scrolls of blinking {unknown}
 k - a scroll of brand weapon {unknown}
 o - 4 scrolls of fear {unknown}
 r - 2 scrolls of magic mapping {unknown}
 t - a scroll of noise {unknown}
 u - 4 scrolls of enchant weapon {unknown}
 x - 2 scrolls of torment {unknown}
 A - 4 scrolls of immolation {unknown}
Potions
 a - 2 potions of lignification
 d - 2 potions of brilliance
 g - 4 potions of curing
 l - a potion of cancellation
 n - a potion of attraction
 q - 2 potions of haste {unknown}
 s - 4 potions of mutation
 v - a potion of degeneration {unknown}
 F - a potion of flight {unknown}


   Skills:
 + Level 3.2 Fighting
 + Level 2.7 Throwing
 + Level 3.8 Dodging
 * Level 6.3 Stealth
 + Level 4.3 Unarmed Combat
 + Level 3.4 Spellcasting
 + Level 3.7 Transmutations
 * Level 2.9 Ice Magic
 * Level 4.9 Poison Magic


You had 3 spell levels left.
You knew the following spells:

 Your Spells              Type           Power      Damage    Failure   Level
a - Beastly Appendage     Tmut           28%        N/A       4%          1
b - Wereblood             Tmut           14%        N/A       7%          2
c - Spider Form           Tmut/Pois      16%        N/A       9%          3
d - Ice Form              Ice/Tmut       13%        N/A       32%         4

Your spell library contained the following spells:

 Spells                   Type           Power      Damage    Failure   Level
 Passwall                 Tmut/Erth      6%         N/A       12%         2
 Apportation              Tloc           4%         N/A       16%         1
 Necrotise                Necr           8%         1d4       16%         1
 Sandblast                Erth           4%         2d4       16%         1
 Summon Small Mammal      Summ           8%         N/A       16%         1
 Stone Arrow              Conj/Erth      4%         3d7       36%         3


Dungeon Overview and Level Annotations

Branches:
Dungeon (6/15)             Temple (0/1) D:6

Altars:
Fedhas
Gozag
Kikubaaqudgha
Okawaru
Qazlal

Shops:
D:3 *

Annotations:
D:4 2 transporters, olddryhag's ghost, amateur OpEE
D:6 Edmund


Innate Abilities, Weirdness & Mutations

You are a venomous arachnid creature.
You have venomous fangs.
You are tiny and dextrous.
Your spellcasting is less reliable in this form.
Your armour is entirely melded.
You are incapable of wielding weapons or throwing items.
You cannot wear most types of armour.
((You are amphibious.))
You can wear up to eight rings at the same time.
((Your skin changes colour to match your surroundings (Stealth+).))
((Your rubbery body absorbs attacks. (AC +1, EV +1)))
((You are camouflaged when in or above water. (Stealth+)))
((You have tentacles for arms and can constrict up to eight enemies at once.))


Message History

Casting: Spider Form (dangerous; 3% risk of failure)
Confirm with . or Enter, or press ? or * to list all spells.
You turn into a venomous arachnid creature.
Your +1 hat melds into your body.
Found a scale mail.
The helpless Edmund fails to defend himself.
You hit Edmund.
Edmund is poisoned.
Edmund is lightly wounded.
Edmund hits you with a +0 dire flail of venom!
You are poisoned.
You bite Edmund!
Edmund looks as sick as possible!
Edmund is moderately wounded.
You feel very sick.
Edmund hits you with a +0 dire flail of venom!
You are lethally poisoned!
You hit Edmund but do no damage.
Edmund looks as sick as possible!
Edmund is moderately wounded.
You feel extremely sick.
You hit Edmund.
Edmund is heavily wounded.
You feel extremely sick. Edmund misses you.
You hit Edmund.
Edmund is severely wounded.
* * * LOW HITPOINT WARNING * * *
You feel very sick. Edmund closely misses you.
You feel better.
Edmund hits you with a +0 dire flail of venom!
* * * LOW HITPOINT WARNING * * *
You are lethally poisoned!
You feel better. Edmund completely misses you.
You hit Edmund.
Edmund is almost dead.
Edmund hits you with a +0 dire flail of venom!
* * * LOW HITPOINT WARNING * * *
You hit Edmund but do no damage.
Edmund is almost dead.
Edmund hits you with a +0 dire flail of venom!
You die...

..###### #..[...#
#......# #......# ##
#......# .#
#......#####.#
#......@...#.#
#.....s###.#.#
......>..##.#.#
.##.##.#.##.#.#
#.##.#.........#
........#.##.###
#.##.##.#.##.# #####
... ....##.# #####
....# ###########.#
#.... ###.#
##....)...########.###


You could see Edmund (very poisoned).

Vanquished Creatures
  Sigmund (D:3)
  2 water moccasins
  2 black bears
  An ice beast (D:6)
  A phantom (D:6)
  A gnoll sergeant (D:6)
  4 scorpions
  A howler monkey (D:5)
  2 hounds
  2 jellies
  An iguana (D:5)
  An orc priest (D:6)
  A sleepcap (D:4)
  10 adders
  5 gnolls (D:6)
  A white imp (D:5)
  4 dart slugs
  2 worms
  11 orcs
  8 ball pythons
  7 endoplasms
  3 giant cockroaches
  7 goblins
  7 hobgoblins
  3 quokkas
  5 bats
  2 frilled lizards
  8 kobolds
  5 rats
108 creatures vanquished.

Vanquished Creatures (others)
  6 plants (D:4)
6 creatures vanquished.

Grand Total: 114 creatures vanquished

Notes
Turn   | Place    | Note
-------+----------+-------------------------------------------
     0 | D:1      | BlueFish the Octopode Transmuter began the quest for the
                  | Orb.
     0 | D:1      | Reached XP level 1. HP: 13/13 MP: 3/3
   127 | D:1      | Reached skill level 1 in Stealth
   127 | D:1      | Reached XP level 2. HP: 12/18 MP: 5/5
   131 | D:1      | Learned a level 2 spell: Wereblood
   624 | D:1      | Reached XP level 3. HP: 20/23 MP: 6/6
   628 | D:1      | Learned a level 3 spell: Spider Form
   929 | D:2      | Reached skill level 2 in Stealth
  1204 | D:2      | Found an ancient bone altar of Kikubaaqudgha.
  1232 | D:2      | Identified the +9 hand axe "Jueseopn" {speed, *Slow rElec
                  | Str+4}
  1331 | D:2      | Found a faded altar of an unknown god.
  1447 | D:2      | Reached skill level 1 in Poison Magic
  1475 | D:2      | Reached XP level 4. HP: 22/28 MP: 7/7
  1534 | D:2      | Noticed a black bear
  1893 | D:3      | Noticed Sigmund
  2019 | D:3      | Found an iron altar of Okawaru.
  2317 | D:3      | Reached XP level 5. HP: 29/33 MP: 6/8
  2350 | D:3      | Found a blossoming altar of Fedhas.
  2366 | D:3      | Found Oxked's General Store.
  2645 | D:3      | Killed Sigmund
  2646 | D:3      | Reached skill level 1 in Throwing
  2646 | D:3      | Reached skill level 3 in Stealth
  2646 | D:3      | Reached XP level 6. HP: 31/39 MP: 6/9
  2924 | D:2      | Killed a black bear
  2925 | D:2      | Reached skill level 4 in Stealth
  2962 | D:4      | Reached XP level 7. HP: 29/45 MP: 11/11
  3062 | D:4      | Found a transporter.
  3063 | D:4      | Found a transporter.
  3086 | D:4      | Noticed olddryhag's ghost (amateur OpEE)
  3116 | D:4      | Identified the +7 spear "Transmigrator" {pain, Will+ rCorr
                  | Dex+6}
  3377 | D:4      | Learned a level 4 spell: Ice Form
  3412 | D:4      | Found a stormy altar of Qazlal.
  3675 | D:5      | Entered Level 5 of the Dungeon
  3838 | D:5      | Found an opulent altar of Gozag.
  4142 | D:5      | Reached skill level 1 in Ice Magic
  4146 | D:5      | Reached skill level 5 in Stealth
  4905 | D:6      | Reached XP level 8. HP: 17/51 MP: 0/12
  5213 | D:6      | Found a staircase to the Ecumenical Temple.
  5300 | D:6      | Reached skill level 6 in Stealth
  5614 | D:6      | Noticed Edmund
  5629 | D:6      | Slain by Edmund

Illustrated notes

Levels and vault maps discovered:
D:1:      lemuel_arrival_rhombus, layout_basic, kennysheep_crisscross
D:2:      layout_loops_ring, basic_altar,
          hellmonk_ecumenical_altar_heavens_door, minmay_divided_ellipse
D:3:      layout_rooms, mainiacjoe_overflow_24_doors,
          hellmonk_okawaru_the_only_friend_you_need, serial_shops,
          nicolae_shop_stone, uniq_sigmund
D:4:      layout_loops_ring, lemuel_coloured_pillars_altar,
          gammafunk_ghost_gnarly_gnolls, serial_glass, glass_columns_a,
          glass_columns_b
D:5:      layout_layer_cave, grunt_gozag_statues
D:6:      layout_loops_cross, minmay_temple_entry_proselytizer, uniq_edmund

Skill      XL: |  1  2  3  4  5  6  7  8 |
---------------+-------------------------+-----
Stealth        | 1 2 3 4 5 6 |  6.3
Poison Magic   | 1 2 3 4 |  4.9
Fighting       | 2 3 |  3.2
Throwing       | 1 2 |  2.7
Transmutations | 3 |  3.7
Dodging        | 3 |  3.8
Ice Magic      | 1 2 |  2.9
Spellcasting   | 3 |  3.4
Unarmed Combat | 4 |  4.3

Action                     |  1- 3 |  4- 6 |  7- 9 || total
---------------------------+-------+-------+-------++-------
  Melee: Unarmed           |    85 |    84 |   169 ||   338
         Tentacles         |    12 |    10 |    15 ||    37
         Constrict         |    17 |    20 |    12 ||    49
         Kick              |     1 |     9 |     5 ||    15
         Punch             |     4 |     2 |     3 ||     9
   Cast: Beastly Appendage |     2 |     7 |     4 ||    13
         Spider Form       |       |     3 |    16 ||    19
    Use: Scroll            |       |       |     5 ||     5
         Potion            |       |       |     4 ||     4
   Stab: Sleeping          |     9 |     6 |     5 ||    20
 Armour: Skin              |     7 |     4 |    10 ||    21
  Dodge: Dodged            |    39 |    67 |   122 ||   228

Table legend: (Time is in decaauts)
 A = Elapsed time spent in this place.
 B = Non-inter-level travel time spent in this place.
 C = Inter-level travel time spent in this place.
 D = Time resting spent in this place.
 E = Time spent auto-exploring this place.
 F = Levels seen in this place.
 G = Mean time per level.
                   A        B        C        D        E       F      G
               +--------+--------+--------+--------+--------+-----+--------+
         Total |   5607 |   5201 |    406 |     29 |   4081 |   6 |  934.5 |
       Dungeon |   5607 |   5201 |    406 |     29 |   4081 |   6 |  934.5 |
               +--------+--------+--------+--------+--------+-----+--------+

Top non-repeatable levels by time:
     D:5: 1163 daAuts
     D:3: 1022 daAuts
     D:2: 957 daAuts
     D:1: 956 daAuts
     D:4: 774 daAuts
     D:6: 733 daAuts
